 Dungeon Crawl Stone Soup version 0.15-a0-1387-gd422dff (webtiles) character file.

242 seer the Spear-Bearer (level 5, -9/36 HPs)
             Began as a Demonspawn Air Elementalist on June 10, 2014.
             Was a Follower of Ashenzari.
             Engulfed by their own flame (22 damage)
             ... on Level 3 of the Dungeon.
             The game lasted 00:12:16 (1316 turns).

seer the Spear-Bearer (Demonspawn Air Elementalist) Turns: 1316, Time: 00:12:17

HP  -9/36        AC  4     Str  8      XL: 5   Next: 81%
MP   9/9         EV 12     Int 18      God: Ashenzari [*.....]
Gold 80          SH  0     Dex 13      Spells:  3 memorised,  3 levels left

rFire  . . .     SeeInvis .     D - +0 trident
rCold  + . .     Clarity  .     a - +0 robe
rNeg   . . .     rCorr    +     (no shield)
rPois  .         rRot     .     (helmet restricted)
rElec  .         Spirit   .     (no cloak)
SustAb .         Warding  .     q - +1 pair of gloves (curse)
rMut   .         Stasis   .     (no boots)
Gourm  .                        m - amulet of resist corrosion
MR     .....                    (no ring)
                                l - ring of protection from cold

@: very slightly contaminated, repel missiles, not resistant to hostile
enchantments, unstealthy
A: antennae 1
a: Renounce Religion


You were on level 3 of the Dungeon.
You worshipped Ashenzari.
Ashenzari was aware of your devotion.
You were not hungry.

You visited 1 branch of the dungeon, and saw 4 of its levels.

You collected 102 gold pieces.
You spent 22 gold pieces at shops.

Inventory:

Hand weapons
 p - a +0,+0 short sword
 D - a +0,+0 trident (weapon)
Missiles
 C - 6 javelins (quivered)
Armour
 a - a +0 robe (worn)
 q - a cursed +1 pair of gloves (worn)
 y - the +27 Lear's hauberk
   (You found it on level 4 of the Dungeon)
Comestibles
 c - 4 bread rations
 d - a meat ration
 u - 4 fruits
 w - 2 rotting chunks of quokka flesh {@w1}
 B - a rotting chunk of rat flesh {@w1}
 F - 2 chunks of hobgoblin flesh {@w1}
Scrolls
 e - 3 scrolls of curse armour
 f - a scroll of curse jewellery
 g - 2 scrolls of curse weapon
 j - a scroll of magic mapping
 r - a scroll of noise
Jewellery
 l - a ring of protection from cold (left hand)
 m - an amulet of resist corrosion (around neck)
Potions
 z - a potion of paralysis {unknown}
 A - a potion of poison {unknown}
Books
 b - a book of Air

   Spells                             Type                      Level
   *Shock                             Conjuration/Air              1
   *Swiftness                         Charms/Air                   2
   *Repel Missiles                    Charms/Air                   2
   Flight                             Charms/Air                   3
   Static Discharge                   Conjuration/Air              3
   Lightning Bolt                     Conjuration/Air              5
 E - a book of Death

   Spells                             Type                      Level
   Corpse Rot                         Necromancy                   2
   Sublimation of Blood               Necromancy                   2
   Agony                              Necromancy                   5
   Dispel Undead                      Necromancy                   5
   Excruciating Wounds                Charms/Necromancy            5
   Bolt of Draining                   Conjuration/Necromancy       5
Magical staves
 s - an uncursed staff of power


   Skills:
 - Level 0.8 Fighting
 * Level 8.8 Polearms
 + Level 5.8 Armour
 - Level 1.7 Dodging
 - Level 1.7 Stealth
 - Level 2.3 Spellcasting
 - Level 2.2 Conjurations
 - Level 3.0 Air Magic


You had 3 spell levels left.
You knew the following spells:

 Your Spells              Type           Power        Failure   Level  Hunger
a - Shock                 Conj/Air       ##..         8%          1    #......
b - Repel Missiles        Chrm/Air       #.....       14%         2    ##.....
c - Swiftness             Chrm/Air       #.......     14%         2    ##.....


Dungeon Overview and Level Annotations

Branches:
Dungeon (4/15)
 Temple: D:4-7

Altars:
Ashenzari
Sif Muna

Shops:
D:4 *

Annotations:
D:3 seer's ghost, average DsAE


Innate Abilities, Weirdness & Mutations

You have a pair of small antennae on your head.


Message History

You feel refreshed.
It was a potion of restore abilities.
Drink which item? (? for menu, Esc to quit)
You feel much better.
It was a potion of heal wounds.
Wield which item (- for none, * to show all)? (? for menu, Esc to quit)
You feel your magic capacity decrease.
D - a +0,+0 trident (weapon)
Attack whom?
Press: ? - help, Dir - move target cursor, f - orc priest
Aim: an orc priest (inner flame)
You reach to attack!
You puncture the orc priest!
The orc priest is severely wounded.
You barely miss the orc priest.
The orc priest is severely wounded.
You hit the orc priest.
The orc priest explodes!
The fiery explosion engulfs you!
Ouch! That really hurt!
You are engulfed in roaring flames.
Ouch! That really hurt!
You die...

.........###.#
.).......# #.#
......[..# #.#
.........#
#.###
######%###
#...# .......#
###.# ########
#.# *<,,* #§###
***, #§!@# ,,*
#§###
#.###########.#
#...§o%.......#
###############


There were no monsters in sight!

Vanquished Creatures
  An orc priest (D:3)
  2 worker ants (D:4)
  2 adders
  A giant mite (D:4)
  4 giant geckos
  3 orcs (D:4)
  A ball python (D:3)
  3 giant cockroaches
  5 goblins
  A hobgoblin (D:3)
  A quokka (D:4)
  4 bats
  3 giant newts
  5 kobolds
  5 rats
41 creatures vanquished.

Vanquished Creatures (others)
  5 toadstools (D:1)
5 creatures vanquished.

Grand Total: 46 creatures vanquished

Notes
Turn   | Place    | Note
--------------------------------------------------------------
     0 | D:1      | seer, the Demonspawn Air Elementalist, began the quest for the Orb.
     0 | D:1      | Reached XP level 1. HP: 13/13 MP: 3/3
   134 | D:1      | Found a shattered altar of Ashenzari.
   140 | D:1      | Became a worshipper of Ashenzari the Shackled
   232 | D:1      | Gained mutation: You have a pair of small antennae on your head. [demonic ancestry]
   232 | D:1      | Reached XP level 2. HP: 4/19 MP: 0/4
   519 | D:2      | Found a deep blue altar of Sif Muna.
   762 | D:3      | Reached skill level 3 in Air Magic
   762 | D:3      | Reached XP level 3. HP: 21/24 MP: 6/6
   766 | D:3      | Learned a level 2 spell: Repel Missiles
   769 | D:3      | Learned a level 2 spell: Swiftness
   853 | D:3      | Noticed seer's ghost (average DsAE)
   864 | D:4      | Found Psoigyal's General Store.
   866 | D:4      | Bought a potion of curing for 22 gold pieces
  1071 | D:4      | Reached skill level 1 in Polearms
  1086 | D:4      | Reached XP level 4. HP: 22/31 MP: 6/8
  1172 | D:4      | Noticed a slave
  1308 | D:3      | Reached skill level 8 in Polearms
  1308 | D:3      | Reached skill level 5 in Armour
  1308 | D:3      | Reached XP level 5. HP: 11/36 MP: 9/9
  1316 | D:3      | Engulfed by their own flame

Action                   |  1- 3 |  4- 6 || total
-------------------------+-------+-------++-------
Melee: Unarmed           |     6 |       ||     6
       Short sword       |     2 |       ||     2
       Staff             |     4 |       ||     4
       Trident           |       |     3 ||     3
 Cast: Shock             |    58 |    23 ||    81
       Repel Missiles    |     1 |       ||     1
       Swiftness         |       |     1 ||     1
  Use: Potion            |     1 |     4 ||     5
       Scroll            |       |     5 ||     5
 Stab: Sleeping          |     1 |       ||     1

Vault maps used:
D:1:      ldierk_walled_garden, ashenzari_altar_1
D:2:      lemuel_crystal_altar, lemuel_zombie_altar_yredelemnul,
          kennysheep_boxes
D:3:      lemuel_crystal_altar, first_bread
D:4:      serial_shops, shop, uniq_pikel
